 Dungeon Crawl Stone Soup version 0.18-a0-1197-g8004e50 (webtiles) character file.

1626 namelastname112 the Martial Artist (level 8, 0/42 HPs)
             Began as a Vine Stalker Monk on Jan 30, 2016.
             Was an Elder of Makhleb.
             Slain by an orc warrior
             ... wielding a +0 scimitar
              (19 damage)
             ... on level 6 of the Dungeon.
             The game lasted 00:09:34 (4338 turns).

namelastname112 the Martial Artist (VSMo)           Turns: 4338, Time: 00:09:34

Health: 0/42       AC:  6    Str: 15    XL:     8   Next: 97%
Magic:  0/10       EV: 13    Int: 10    God:    Makhleb [****..]
Gold:   295        SH:  0    Dex: 18    Spells: 0 memorised, 7 levels left

rFire  . . .     SeeInvis .       - Unarmed
rCold  . . .     Gourm    .     h - +0 ring mail
rNeg   . . .     Faith    .     (no shield)
rPois  .         Spirit   +     (no helmet)
rElec  .         Dismiss  .     (no cloak)
rCorr  .         Reflect  .     (no gloves)
SustAt .         Harm     .     k - +0 pair of boots
MR     +....                    (no amulet)
Stlth  ++........               (no ring)
                                (no ring)

@: somewhat resistant to hostile enchantments, unstealthy
A: fangs 3, regeneration 2, magic shield, antimagic bite, no device heal 3, rot
immunity
a: Minor Destruction, Lesser Servant of Makhleb, Major Destruction, Renounce
Religion


You were on level 6 of the Dungeon.
You worshipped Makhleb.
Makhleb was greatly pleased with you.
You were hungry.

You visited 1 branch of the dungeon, and saw 6 of its levels.

You collected 435 gold pieces.
You spent 140 gold pieces at shops.

Inventory:

Hand Weapons
 n - a +0 blowgun
Missiles
 r - 48 poisoned needles
Armour
 h - a +0 ring mail (worn)
 k - a +0 pair of boots (worn)
 C - a +0 shield
Jewellery
 f - an uncursed ring of fire
Wands
 d - a wand of teleportation (8/9)
 D - a wand of draining (6/15)
Scrolls
 a - 4 scrolls of identify
 c - 3 scrolls of recharging
 e - a scroll of amnesia
 i - 2 scrolls of blinking {unknown}
 m - 4 scrolls of enchant armour
 o - 3 scrolls of teleportation {unknown}
 p - 3 scrolls of noise {unknown}
 q - a scroll of fog
 s - a scroll of immolation
 t - 4 scrolls of remove curse
 w - 2 scrolls of random uselessness {unknown}
 y - a scroll of enchant weapon {unknown}
Potions
 g - 2 potions of lignification
 j - a potion of magic
 u - 3 potions of haste
 v - 3 potions of curing
 z - a potion of resistance
 A - a potion of agility {unknown}
 B - a potion of flight
Comestibles
 b - 3 bread rations
 l - 2 fruits
 x - 3 meat rations
 E - a chunk of flesh
 F - a beef jerky


   Skills:
 + Level 4.0 Fighting
 + Level 2.4 Armour
 + Level 3.5 Dodging
 - Level 2.4 Stealth
 * Level 9.8 Unarmed Combat
 + Level 2.4 Evocations


You had 7 spell levels left.
You didn't know any spells.

Dungeon Overview and Level Annotations

Branches:
Dungeon (6/15)             Temple (0/1) D:6

Altars:
Makhleb
Sif Muna
Vehumet

Shops:
D:6 }


Innate Abilities, Weirdness & Mutations

You have razor-sharp teeth.
You heal very quickly.
When hurt, damage is shared between your health and your magic reserves.
Your bite disrupts and absorbs the magic of your enemies.
Potions and wands cannot restore your health.
You are immune to rotting.


Message History

You hit the orc warrior.
The orc warrior is severely wounded.
You hit the orc warrior.
You punch the orc warrior, but do no damage.
The orc warrior is almost dead.
The orc warrior closely misses you.
An orc priest comes into view. It is wielding a trident.
You barely miss the orc warrior.
The orc warrior is almost dead.
The orc priest shouts!
The orc priest calls upon Beogh to heal the orc warrior.
The orc warrior is healed somewhat.
The orc warrior hits you with a scimitar!
You barely miss the orc warrior.
The orc warrior is severely wounded.
You hit the orc warrior.
You bite the orc warrior, but do no damage.
The orc warrior is severely wounded.
The orc warrior hits you with a scimitar!!
You die...

.......#######............# ....
######. #..#.........# ...# ..
#............. ...#
##############...######.#. ..#
#..........)))...#......#.
###.##
#..#'#######)###.#.#######
....#.#..............#.#.# #...
##..#.#............#.#.#.####.##
#...#....o....o@...#.#>#.##...##
#..####......o.....#.#.#.##.#...
#.)))..............#.#.#.##.#.##
#.#####.#..........#.#.#.#<.#.##
#. #.#..........#...#.####.##
#.#####.#..........#####....#.##
.#.......############ ####.#...
.......### #.#### ######.# #.#


You could see an orc warrior, an orc priest and an orc.

Vanquished Creatures
  Sigmund (D:2)
  An ice beast (D:6)
  An ogre (D:6)
  A giant frog (D:6)
  4 scorpions
  5 wights (D:6)
  2 crimson imps
  A quasit (D:3)
  A giant frog zombie (D:5)
  A jelly (D:5)
  2 orc wizards
  2 centaur skeletons
  An orc priest (D:6)
  3 giant frog skeletons
  Jessica (D:2)
  A worker ant (D:4)
  Ijyb (D:3)
  3 gnolls
  7 adders
  An ooze (D:1)
  An adder skeleton (D:4)
  5 giant geckos
  9 orcs
  7 giant cockroaches
  13 goblins
  11 hobgoblins
  11 jackals
  4 quokkas
  A ball python (D:1)
  11 bats
  4 giant newts
  6 kobolds
  A quokka skeleton (D:4)
  A quokka zombie (D:6)
  5 rats
130 creatures vanquished.

Vanquished Creatures (collateral kills)
  Grinder (D:3)
  An orc warrior (D:6)
  An orc (D:6)
  A kobold (D:3)
4 creatures vanquished.

Grand Total: 134 creatures vanquished

Notes
Turn   | Place    | Note
--------------------------------------------------------------
     0 | D:1      | namelastname112 the Vine Stalker Monk began the quest for the Orb.
     0 | D:1      | Reached XP level 1. HP: 11/11 MP: 2/2
   137 | D:1      | Reached XP level 2. HP: 16/16 MP: 3/3
   371 | D:1      | Reached XP level 3. HP: 14/19 MP: 1/4
   433 | D:1      | Reached skill level 5 in Unarmed Combat
  1011 | D:2      | Found a radiant altar of Vehumet.
  1020 | D:2      | Found a burning altar of Makhleb.
  1139 | D:2      | Became a worshipper of Makhleb the Destroyer
  1139 | D:2      | Reached * piety under Makhleb
  1139 | D:2      | Reached ** piety under Makhleb
  1210 | D:2      | Reached XP level 4. HP: 23/23 MP: 5/5
  1293 | D:2      | Noticed Sigmund
  1326 | D:2      | Killed Sigmund
  1326 | D:2      | Reached skill level 7 in Unarmed Combat
  1326 | D:2      | Reached XP level 5. HP: 19/27 MP: 6/6
  1414 | D:2      | Gained mutation: You heal very quickly. [Vine Stalker growth]
  1414 | D:2      | Reached XP level 6. HP: 32/32 MP: 7/7
  1417 | D:2      | Noticed Jessica
  1426 | D:2      | Killed Jessica
  1823 | D:3      | Noticed Ijyb
  1832 | D:3      | Killed Ijyb
  1832 | D:3      | Reached *** piety under Makhleb
  1944 | D:3      | Noticed Grinder
  1963 | D:3      | Killed Grinder
  1963 | D:3      | Reached skill level 8 in Unarmed Combat
  1963 | D:3      | Reached XP level 7. HP: 35/35 MP: 8/8
  2635 | D:4      | Found a deep blue altar of Sif Muna.
  2929 | D:5      | Entered Level 5 of the Dungeon
  3001 | D:5      | Reached skill level 1 in Armour
  3066 | D:5      | Reached skill level 9 in Unarmed Combat
  3080 | D:5      | Reached skill level 1 in Evocations
  3080 | D:5      | Gained mutation: You have razor-sharp teeth. [Vine Stalker growth]
  3080 | D:5      | Reached XP level 8. HP: 40/40 MP: 9/9
  3623 | D:6      | Found Famoplas's Gadget Shoppe.
  3627 | D:6      | Bought a wand of draining (6/15) for 140 gold pieces
  3739 | D:6      | Found a staircase to the Ecumenical Temple.
  3880 | D:6      | Reached **** piety under Makhleb
  4338 | D:6      | Slain by an orc warrior

Vault maps used:
D:1:      evilmike_arrival_crescent
D:2:      minitemple, uniq_sigmund, uniq_jessica
D:3:      first_bread, lightli_corner_chamber, uniq_grinder, uniq_iyjb
D:4:      lemuel_blue_sif_altar
D:6:      minmay_temple_entry_nine_rooms, serial_shops, shop

Action                   |  1- 3 |  4- 6 |  7- 9 || total
-------------------------+-------+-------+-------++-------
Melee: Unarmed           |    88 |    87 |   200 ||   375
       Dagger            |    92 |       |       ||    92
 Fire: Blowgun           |       |     5 |     3 ||     8
Invok: Lesser Servant of |       |     1 |     1 ||     2
       Minor Destruction |       |       |    11 ||    11
  Use: Scroll            |     1 |       |     7 ||     8
       Potion            |       |     6 |       ||     6
 Stab: Sleeping          |     7 |     5 |     3 ||    15
  Eat: Chunk             |       |     3 |     7 ||    10
       Beef jerky        |       |       |     1 ||     1
